 Dungeon Crawl Stone Soup version 0.28-a0-1412-gf95308ed99 (webtiles) character file.

Game seed: 2212365306726158923

2134 gimp the Summoner (level 9, -13/63 HPs)
             Began as a Mummy Wanderer on Jan 6, 2022.
             Was a Believer of Cheibriados.
             Mangled by a two-headed ogre (29 damage)
             ... on level 8 of the Dungeon.
             The game lasted 00:18:24 (12023 turns).

gimp the Summoner (Mummy Wanderer)                 Turns: 12023, Time: 00:18:25

Health: -13/63     AC:  4    Str: 20    XL:     9   Next: 9%
Magic:  13/20      EV: 11    Int: 22    God:    Cheibriados [**....]
Gold:   29         SH:  0    Dex: 20    Spells: 15/23 levels left

rFire   x . .      SeeInvis .   a - +2 short sword (venom)
rCold   + . .      Faith    .   (no shield)
rNeg    + + +      Spirit   .   c - +0 leather armour
rPois   ∞          Reflect  .   (no helmet)
rElec   .          Harm     .   (no cloak)
rCorr   .          Rampage  .   (no gloves)
Will    +++..                   y - +0 pair of boots "Roloap" {Will++ Str+2 Int+3}
Stlth   ++........              (no amulet)
HPRegen 0.20/turn               (no ring)
MPRegen 0.17/turn               (no ring)

@: very slow
A: cold resistance 1, negative energy resistance 3, torment resistance 2, heat
vulnerability 1, no potions
a: Renounce Religion, Bend Time


You were on level 8 of the Dungeon.
You worshipped Cheibriados.
Cheibriados was pleased with you.
You visited 1 branch of the dungeon, and saw 8 of its levels.

You collected 332 gold pieces.
You spent 303 gold pieces at shops.

Inventory:

Hand Weapons
 a - a +2 short sword of venom (weapon)
 t - a +1 dagger of venom
Missiles
 j - 5 poisoned darts
Armour
 b - a +0 buckler
 c - a +0 leather armour (worn)
 g - a +0 kite shield
 l - the +6 chain mail of the Four Ziggurats {*Slow rElec rCorr Slay+5}
   (You found it on level 5 of the Dungeon)

   Slay:      It affects your accuracy & damage with ranged weapons and melee
   (+5).
   rElec:     It insulates you from electricity.
   rCorr:     It protects you from acid and corrosion.
   *Slow:     It may slow you when you take damage.
 y - the +0 pair of boots "Roloap" (worn) {Will++ Str+2 Int+3}
   (You bought it in a shop on level 2 of the Dungeon)

   Str:       It affects your strength (+2).
   Int:       It affects your intelligence (+3).
   Will:      It greatly increases your willpower.
Magical Staves
 p - a staff of conjuration
 s - a staff of earth
Jewellery
 u - a +4 ring of evasion
Wands
 x - a wand of iceblast (5)
Scrolls
 d - 5 scrolls of vulnerability
 e - 2 scrolls of fog
 f - 2 scrolls of silence
 h - 2 scrolls of blinking
 k - 4 scrolls of teleportation
 m - a scroll of summoning
 n - 3 scrolls of fear
 o - a scroll of enchant armour {unknown}
 q - a scroll of immolation
 r - a scroll of magic mapping
 v - a scroll of torment {unknown}
 w - a scroll of amnesia


   Skills:
 - Level 3.0 Fighting
 + Level 3.7 Armour
 - Level 1.0 Stealth
 + Level 1.0 Shields
 + Level 7.6 Spellcasting
 - Level 8.0 Summonings
 - Level 1.0 Evocations


You had 15 spell levels left.
You knew the following spells:

 Your Spells              Type           Power      Damage    Failure   Level
a - Summon Small Mammal   Summ           100%       N/A       1%          1
b - Call Canine Familiar  Summ           43%        N/A       1%          3
c - Animate Armour        Summ/Erth      50%        N/A       17%         4

Your spell library contained the following spells:

 Spells                   Type           Power      Damage    Failure   Level
 Call Imp                 Summ           43%        N/A       1%          2
 Summon Guardian Golem    Hex/Summ       25%        N/A       5%          3
 Slow                     Hex            32%        N/A       9%          1
 Corpse Rot               Necr/Air       16%        N/A       14%         2
 Confusing Touch          Hex            8%         N/A       26%         3
 Gell's Gravitas          Tloc           8%         N/A       26%         3
 Ozocubu's Armour         Ice            8%         N/A       26%         3
 Teleport Other           Tloc           8%         N/A       26%         3
 Vampiric Draining        Necr           8%         2d6       26%         3
 Dispel Undead            Necr           8%         3d8       65%         4
 Metabolic Englaciation   Hex/Ice        4%         N/A       94%         5
 Death Channel            Necr           4%         N/A       100%        6
 Dispersal                Tloc           4%         N/A       100%        6
 Simulacrum               Ice/Necr       4%         N/A       100%        6


Dungeon Overview and Level Annotations

Branches:
Dungeon (8/15)             Temple (0/1) D:6
   Lair: D:8-11

Altars:
Cheibriados
Nemelex Xobeh
Ru

Shops:
D:2 [*[


Innate Abilities, Weirdness & Mutations

You are immune to poison.
Your flesh is cold resistant. (rC+)
You are immune to negative energy. (rN+++)
You are immune to unholy pain and torment.
You are vulnerable to heat. (rF-)
You do not drink.


Message History

You now have 17/20 mp.
Casting: Call Canine Familiar (safe; 1% risk of failure)
Confirm with . or Enter, or press ? or * to list all spells.
The two-headed ogre closely misses you. x2
You now have 13/20 mp.
The two-headed ogre hits your hound with a +0 giant spiked club!!
Your hound dies!
Your hound's corpse disappears in a puff of smoke!
Casting: Animate Armour (dangerous; 17% risk of failure)
Confirm with . or Enter, or press ? or * to list all spells.
The two-headed ogre hits you with a +0 giant spiked club!!
The two-headed ogre barely misses you.
You take 28 damage, and have 35/63 hp.
MASSIVE DAMAGE!!
You now have 11/20 mp.
Your animated leather armour closely misses the two-headed ogre.
Your animated leather armour hits the two-headed ogre!
Your wolf bites the two-headed ogre!
Casting: Call Canine Familiar (safe; 1% risk of failure)
Confirm with . or Enter, or press ? or * to list all spells.
Okay, then.
Okay, then.
Your wolf bites the two-headed ogre.
Your wolf closely misses the two-headed ogre.
The two-headed ogre hits you with a +0 giant spiked club!
The two-headed ogre hits you with a +0 giant club!
* * * LOW HITPOINT WARNING * * *
Your wolf barely misses the two-headed ogre.
You take 22 damage, and have 14/63 hp.
MASSIVE DAMAGE!!
Your wolf bites the two-headed ogre.
Your wolf barely misses the two-headed ogre.
The two-headed ogre barely misses you. x2
Your wolf bites the two-headed ogre but does no damage.
Your wolf bites the two-headed ogre! x2
Your wolf completely misses the two-headed ogre.
Your wolf barely misses the two-headed ogre.
The two-headed ogre closely misses you. The two-headed ogre barely misses you.
Your wolf closely misses the two-headed ogre.
Your wolf bites the two-headed ogre!
Your wolf bites the two-headed ogre.
The two-headed ogre hits you with a +0 giant spiked club!!
You die...

#......#..###...#......
....###'####...#......
....#....#.....#......
#....'.....'......
#....##....#......
##########....##....#....##
.............##....#....#
........)....#####...###
#.##.###@...## §.°#
#.##+###O...# °○§#
#.......h...## ○.☼#
#............#
#.............§§
#...[.........§° §
#....########.§. § ##'###
### ## #....O.....


You could see a two-headed ogre (ally target), a friendly animated leather
armour (summoned) and a friendly wolf (summoned).

Vanquished Creatures
  Prince Ribbit (D:5)
  An orc warrior (D:7)
  A sky beast (D:8)
  A black bear (D:7)
  2 scorpions
  A centaur zombie (D:8)
  A hound (D:6)
  3 orc priests (D:5)
  A bullfrog zombie (D:7)
  4 orc wizards
  4 iguanas
  A killer bee zombie (D:5)
  8 adders
  2 white imps (D:6)
  An adder skeleton (D:4)
  3 worms
  2 dart slugs
  27 orcs
  8 ball pythons
  4 endoplasms
  A giant cockroach (D:3)
  4 goblins
  3 hobgoblins
  4 jackals (D:4)
  4 kobolds
  A quokka (D:3)
  4 bats
  5 frilled lizards
  3 rats
105 creatures vanquished.

Vanquished Creatures (collateral kills)
  A water moccasin (D:7)
  2 ogres
  2 necrophages
  A centaur (D:8)
  A phantom (D:4)
  A bullfrog (D:7)
  A bullfrog zombie (D:5)
  A hound (D:4)
  2 jellies (D:6)
  An orc priest (D:6)
  A centaur skeleton (D:5)
  An iguana (D:4)
  An orc wizard (D:5)
  A killer bee zombie (D:8)
  A howler monkey skeleton (D:6)
  An adder (D:6)
  A shadow imp (D:7)
  A white imp (D:7)
  4 orcs
  2 goblins
  A ball python (D:1)
  A bat (D:1)
  A kobold (D:1)
  A rat (D:1)
31 creatures vanquished.

Vanquished Creatures (others)
  A plant (D:4)
1 creature vanquished.

Grand Total: 137 creatures vanquished

Notes
Turn   | Place    | Note
-------+----------+-------------------------------------------
     0 | D:1      | gimp the Mummy Wanderer began the quest for the Orb.
     0 | D:1      | gimp set off with the following items: a +0 dagger, a +0
                  | buckler, a +0 leather armour, a scroll of vulnerability;
                  | and the following spell memorised: Summon Small Mammal; and
                  | the following spells available to memorise: Call Imp,
                  | Animate Armour
     0 | D:1      | Reached XP level 1. HP: 16/16 MP: 4/4
   452 | D:1      | Reached XP level 2. HP: 10/22 MP: 0/5
  1311 | D:1      | Reached skill level 3 in Summonings
  1591 | D:2      | Reached XP level 3. HP: 17/28 MP: 7/7
  1596 | D:2      | Learned a level 3 spell: Call Canine Familiar
  2124 | D:2      | Found a faded altar of an unknown god.
  2286 | D:2      | Found Ecaczi Loubb's General Store.
  2293 | D:2      | Found Eheacs's Antique Armour Shoppe.
  2313 | D:2      | Bought a scroll of identify for 28 gold pieces
  2313 | D:2      | Bought a scroll of identify for 28 gold pieces
  2325 | D:2      | Found Jutenyex's Antique Armour Shop.
  3085 | D:3      | Reached XP level 4. HP: 18/34 MP: 8/8
  4285 | D:3      | Reached skill level 4 in Summonings
  4694 | D:4      | Reached XP level 5. HP: 23/41 MP: 5/10
  4831 | D:4      | Found a snail-covered altar of Cheibriados.
  5042 | D:4      | Became a worshipper of Cheibriados the Contemplative
  5441 | D:4      | Noticed a necrophage
  5455 | D:4      | Killed a necrophage
  5456 | D:4      | Reached XP level 6. HP: 29/47 MP: 6/12
  5549 | D:4      | Identified the +1 robe "Totenn" {+Blink rCorr Dex-2}
  5579 | D:4      | Reached skill level 5 in Summonings
  5812 | D:4      | Reached * piety under Cheibriados
  6278 | D:5      | Entered Level 5 of the Dungeon
  6509 | D:5      | Reached skill level 5 in Spellcasting
  6512 | D:5      | Identified the +6 chain mail of the Four Ziggurats {*Slow
                  | rElec rCorr Slay+5}
  6637 | D:5      | Reached XP level 7. HP: 52/52 MP: 12/14
  6762 | D:5      | Noticed Prince Ribbit
  6820 | D:5      | Reached skill level 6 in Summonings
  6994 | D:5      | Killed Prince Ribbit
  6995 | D:5      | Reached skill level 1 in Armour
  7520 | D:5      | Reached XP level 8. HP: 36/58 MP: 13/17
  7754 | D:6      | Found a staircase to the Ecumenical Temple.
  8271 | D:6      | Reached ** piety under Cheibriados
  8529 | D:6      | Reached skill level 7 in Summonings
  9289 | D:7      | Learned a level 4 spell: Animate Armour
 10559 | D:8      | Found a sparkling altar of Nemelex Xobeh.
 10636 | D:8      | Found a sacrificial altar of Ru.
 10917 | D:2      | Bought a pair of scorched boots for 247 gold pieces
 10917 | D:2      | Identified the +0 pair of boots "Roloap" {Will++ Str+2
                  | Int+3} (You bought it in a shop on level 2 of the Dungeon)
 11152 | D:7      | Reached XP level 9. HP: 11/63 MP: 16/20
 11714 | D:8      | Reached skill level 8 in Summonings
 12009 | D:8      | Noticed a two-headed ogre
 12023 | D:8      | Mangled by a two-headed ogre

Illustrated notes

Levels and vault maps discovered:
D:1:      minmay_arrival_shoal_huts, layout_loops_ring
D:2:      layout_loops_ring, serial_shops, shop, shop,
          nicolae_shop_window_shopping, shapermc_ecumenical_altar_ellora
D:3:      layout_loops_ring, minmay_misc_feat_x
D:4:      layout_basic, mainiacjoe_overflow_catwalk, saegor_snake_ambush
D:5:      layout_cave_pools, due_unseen_surprise, uniq_prince_ribbit1
D:6:      layout_loops_ring, minmay_temple_entry_poolview
D:7:      layout_basic
D:8:      layout_gridville, marbit_many_paths, hangedman_ru_absence,
          mrwooster_statue_mirror, lemuel_flame_loot_1

Skill      XL: |  1  2  3  4  5  6  7  8  9 |
---------------+----------------------------+-----
Summonings     | 3 4 5 6 7 8 |  8.0
Fighting       | 3 |  3.0
Spellcasting   | 3 4 5 6 7 |  7.6
Armour         | 1 3 |  3.7
Stealth        | |  1.0
Shields        | |  1.0
Evocations     | |  1.0

Action                   |  1- 3 |  4- 6 |  7- 9 || total
-------------------------+-------+-------+-------++-------
Melee: Dagger            |   140 |   165 |    86 ||   391
       Punch             |     3 |       |     4 ||     7
       Short sword       |       |       |    67 ||    67
 Cast: Summon Small Mamm |    22 |     9 |    13 ||    44
       Call Canine Famil |       |    10 |    39 ||    49
       Animate Armour    |       |       |     1 ||     1
Evoke: Wand              |       |       |     3 ||     3
  Use: Scroll            |     2 |     2 |     5 ||     9
 Stab: Sleeping          |     3 |     5 |       ||     8
       Distracted        |     1 |       |     1 ||     2
Armor: Leather armour    |    58 |    25 |    48 ||   131
Dodge: Dodged            |   117 |    92 |   123 ||   332

Table legend: (Time is in decaauts)
 A = Elapsed time spent in this place.
 B = Non-inter-level travel time spent in this place.
 C = Inter-level travel time spent in this place.
 D = Time resting spent in this place.
 E = Time spent auto-exploring this place.
 F = Levels seen in this place.
 G = Mean time per level.
                   A        B        C        D        E       F      G
               +--------+--------+--------+--------+--------+-----+--------+
         Total |  13400 |  12671 |    729 |   1152 |   9606 |   8 | 1675.0 |
       Dungeon |  13400 |  12671 |    729 |   1152 |   9606 |   8 | 1675.0 |
               +--------+--------+--------+--------+--------+-----+--------+

Top non-repeatable levels by time:
     D:6: 2196 daAuts
     D:4: 2053 daAuts
     D:2: 2022 daAuts
     D:7: 1822 daAuts
     D:1: 1614 daAuts
     D:5: 1570 daAuts
     D:3: 1185 daAuts
     D:8: 934 daAuts
